 Dungeon Sprint DCSS version 0.30-a0-1103-g25895a7845 (webtiles) character file.

Game seed: 16602944860194716950

1465 sircluck the Bludgeoner (level 8, 0/86 HPs)
             Began as a Minotaur Berserker on Apr 18, 2023.
             Was a High Priest of Trog.
             Shot with an arrow by a centaur warrior (12 damage)
             ... in the Dungeon (Sprint IX: "|||||||||||||||||||||||||||||").
             The game lasted 00:02:23 (374 turns).

sircluck the Bludgeoner (Minotaur Berserker)         Turns: 374, Time: 00:02:24

Health: 0/86       AC: 12    Str: 27    XL:     8   Next: 48%
Magic:  7/7        EV: 10    Int:  4    God:    Trog [*****.]
Gold:   0          SH:  0    Dex: 13    Spells: 7/7 levels left

rFire   . . .      SeeInvis .    n - +2 morningstar of Innoerin {venom, rPois}
rCold   . . .      Faith    .    (no shield)
rNeg    . . .      Spirit   .    t - +0 plate armour
rPois   +          Reflect  .    (helmet restricted)
rElec   .          Rampage  .    (no cloak)
rCorr   .          NoTele   +    (no gloves)
Will    .....                    (no boots) Stlth
                                 (no amulet)
HPRegen 0.34/turn                u - +3 ring of strength
MPRegen 0.10/turn                v - +3 ring of dexterity

@: on berserk cooldown, slowed, very slow
A: horns 2, retaliatory headbutt
a: Renounce Religion, Berserk, Trog's Hand, Brothers in Arms


You were in the Dungeon.
You worshipped Trog.
Trog was extremely pleased with you.
You visited 1 branch

Inventory:

Hand Weapons
 a - a +0 mace
 m - a +2 halberd of venom
 n - the +2 morningstar of Innoerin (weapon) {venom, rPois}
   (You found it in the Dungeon)

   rPois:     It protects you from poison.
 o - a +4 quarterstaff of speed
 p - the +2 rapier "Ox" {drain, Str-3 Int+4}
   (You found it in the Dungeon)

   Str:       It affects your strength (-3).
   Int:       It affects your intelligence (+4).
 q - the +2 scimitar of Xuol {holy, rF++ Int+5 Dex-2}
   (You found it in the Dungeon)

   Int:       It affects your intelligence (+5).
   Dex:       It affects your dexterity (-2).
   rF:        It greatly protects you from fire.
 r - a +3 war axe of freezing
Armour
 b - a +0 animal skin
 i - a +0 leather armour
 s - a +0 helmet
 t - a +0 plate armour (worn)
Jewellery
 u - a +3 ring of strength (left hand)
 v - a +3 ring of dexterity (right hand)
Wands
 k - a wand of roots (10)
Scrolls
 h - 2 scrolls of blinking
 l - 2 scrolls of amnesia
Potions
 c - 5 potions of curing
 d - 3 potions of heal wounds
 e - a potion of haste
 f - 4 potions of magic
 g - a potion of berserk rage
 j - a potion of invisibility


   Skills:
 + Level 13.0 Fighting
 + Level 16.1 Maces & Flails
 + Level 6.5 Armour
 + Level 7.7 Dodging


You had 7 spell levels left.
You didn't know any spells.
Your spell library was empty.

Dungeon Overview and Level Annotations

Branches:
Dungeon (1/1)

Altars:
Cheibriados
Dithmenos
Elyvilon
Fedhas
Gozag
Hepliaklqana
Kikubaaqudgha
Makhleb
Nemelex Xobeh
Okawaru
Qazlal
Ru
Sif Muna
Trog
Uskayaw
Vehumet
Wu Jian
Xom
Yredelemnul
Zin
The Shining One
Jiyva
Lugonu


Innate Abilities, Weirdness & Mutations

You have a pair of horns on your head.
You reflexively headbutt those who attack you in melee.


Message History

The white ugly thing is lightly wounded.
The white ugly thing gores you but does no damage.
You barely miss the white ugly thing.
The white ugly thing is lightly wounded.
You perforate the white ugly thing like a sieve!!!
The white ugly thing is severely wounded.
The white ugly thing barely misses you.
You closely miss the white ugly thing.
The white ugly thing is severely wounded.
You barely miss the white ugly thing.
The white ugly thing is severely wounded.
The white ugly thing gores you. The white ugly thing freezes you!!
* * * LOW HITPOINT WARNING * * *
You closely miss the white ugly thing.
The white ugly thing is severely wounded.
You closely miss the white ugly thing. You headbutt the white ugly thing!
The white ugly thing is severely wounded.
The white ugly thing barely misses you.
You hit the white ugly thing but do no damage.
The white ugly thing is poisoned.
You headbutt the white ugly thing!
The white ugly thing is almost dead.
You pound the white ugly thing like an anvil!!!
You kill the white ugly thing!
Trog accepts your kill.
The centaur warrior wields a +0 shortbow.
The centaur warrior shoots an arrow.
The arrow hits you!
* * * LOW HITPOINT WARNING * * *
Your Fighting skill increases to level 13!
Your Maces & Flails skill increases to level 16!
You feel a strong urge to attack something.
The centaur warrior shoots an arrow.
The arrow barely misses you.
You feel your anger nearly subside.
The centaur warrior shoots an arrow.
The arrow hits you!
* * * LOW HITPOINT WARNING * * *
Items here: )) [[ †.
You are no longer berserk.
You are exhausted.
You feel yourself slow down.
The centaur warrior shoots an arrow.
The arrow hits you!
You die...

▓C▓
▓{▓
▓c▓
▓.▓
▓.▓
▓.▓
▓.▓
▓)▓
▓@▓
▓†▓
▓.▓
▓.▓
▓.▓
▓.▓
▓[▓
▓.▓
▓.▓


You could see a centaur warrior.

Vanquished Creatures
  A two-headed ogre (D)
  An ugly thing (D)
  A shadow (D)
  A centaur (D)
  A gnoll sergeant (D)
  A wight (D)
  A killer bee (D)
  A howler monkey (D)
  A hound (D)
  An iguana (D)
  A dart slug (D)
  2 orcs (D)
  An endoplasm (D)
  A giant cockroach (D)
  2 quokkas (D)
  A frilled lizard (D)
18 creatures vanquished.

Notes
Turn   | Place    | Note
-------+----------+-------------------------------------------
     0 | D        | sircluck the Minotaur Berserker began the quest for the
                  | Orb.
     0 | D        | Reached XP level 1. HP: 19/19 MP: 0/0
     8 | D        | Reached skill level 4 in Maces & Flails
     9 | D        | Reached ** piety under Trog
    47 | D        | Noticed an iguana
    47 | D        | Noticed a hound
    52 | D        | Reached XP level 2. HP: 28/28 MP: 1/1
    53 | D        | Reached *** piety under Trog
    61 | D        | Reached skill level 5 in Fighting
    61 | D        | Reached skill level 6 in Maces & Flails
    61 | D        | Reached XP level 3. HP: 25/37 MP: 2/2
    64 | D        | Reached skill level 7 in Maces & Flails
    65 | D        | Reached **** piety under Trog
    66 | D        | Reached XP level 4. HP: 29/45 MP: 3/3
   126 | D        | Found a snail-covered altar of Cheibriados.
   126 | D        | Found a shadowy altar of Dithmenos.
   126 | D        | Found a white marble altar of Elyvilon.
   126 | D        | Found a blossoming altar of Fedhas.
   126 | D        | Found an opulent altar of Gozag.
   127 | D        | Found a hazy altar of Hepliaklqana.
   128 | D        | Found a viscous altar of Jiyva.
   129 | D        | Found an ancient bone altar of Kikubaaqudgha.
   130 | D        | Found a corrupted altar of Lugonu.
   131 | D        | Found a burning altar of Makhleb.
   132 | D        | Found a sparkling altar of Nemelex Xobeh.
   133 | D        | Found an iron altar of Okawaru.
   134 | D        | Found a stormy altar of Qazlal.
   135 | D        | Found a sacrificial altar of Ru.
   136 | D        | Found a shimmering blue altar of Sif Muna.
   137 | D        | Found a bloodstained altar of Trog.
   138 | D        | Found a hide-covered altar of Uskayaw.
   139 | D        | Found a radiant altar of Vehumet.
   140 | D        | Found an ornate altar of the Wu Jian Council.
   141 | D        | Found a shimmering altar of Xom.
   142 | D        | Found a basalt altar of Yredelemnul.
   143 | D        | Found a glowing silver altar of Zin.
   144 | D        | Found a glowing golden altar of the Shining One.
   165 | D        | Got the +2 morningstar of Innoerin {venom, rPois}
   165 | D        | Got the +2 rapier "Ox" {drain, Str-3 Int+4}
   165 | D        | Got the +2 scimitar of Xuol {holy, rF++ Int+5 Dex-2}
   190 | D        | Noticed a gnoll sergeant
   190 | D        | Noticed a shadow
   190 | D        | Noticed a centaur
   193 | D        | Reached skill level 8 in Maces & Flails
   196 | D        | Killed a centaur
   197 | D        | Reached skill level 9 in Maces & Flails
   197 | D        | Reached skill level 5 in Dodging
   197 | D        | Reached XP level 5. HP: 49/56 MP: 4/4
   200 | D        | Reached skill level 10 in Maces & Flails
   203 | D        | Killed a shadow
   204 | D        | Reached skill level 10 in Fighting
   204 | D        | Reached skill level 12 in Maces & Flails
   204 | D        | Reached XP level 6. HP: 26/66 MP: 5/5
   207 | D        | Reached ***** piety under Trog
   208 | D        | Reached skill level 5 in Armour
   355 | D        | Noticed a manticore
   355 | D        | Noticed a cyclops
   355 | D        | Noticed a vampire
   355 | D        | Noticed a centaur warrior
   355 | D        | Noticed a white ugly thing
   355 | D        | Noticed a two-headed ogre
   360 | D        | Killed a two-headed ogre
   361 | D        | Reached skill level 15 in Maces & Flails
   361 | D        | Reached XP level 7. HP: 49/77 MP: 6/6
   361 | D        | Reached XP level 8. HP: 53/83 MP: 7/7
   369 | D        | Killed a white ugly thing
   370 | D        | Reached skill level 16 in Maces & Flails
   374 | D        | Shot with an arrow by a centaur warrior

Illustrated notes

Levels and vault maps discovered:
D:        linesprint [early_d, line_temple, items_1, d_10, items_2, lair_1,
          lair_end, items_3, orc_1, orc_end, items_4, d_15, swamp_1, shoals_1,
          snake_1, spider_1, d_20, vaults_1, items_5, swamp_end, shoals_end,
          snake_end, spider_end, vaults_end, d_27, items_6, zot_1, zot_end,
          crypt_end, forest_end, elf_end, slime_end, tomb_end, abyss_end,
          pan_hell_end]

Skill      XL: |  1  2  3  4  5  6  7  8 |
---------------+-------------------------+-----
Fighting       | 4 5 6 8 10 12 13 | 13.0
Maces & Flails | 4 6 7 9 12 15 16 | 16.1
Armour         | 3 4 6 |  6.5
Dodging        | 3 5 6 7 |  7.7

Action                     |  1- 3 |  4- 6 |  7- 9 || total
---------------------------+-------+-------+-------++-------
  Melee: Mace              |    26 |       |       ||    26
         Headbutt          |     3 |     2 |     3 ||     8
         Morningstar       |       |    20 |     9 ||    29
 Invoke: Berserk           |       |     1 |       ||     1
 Armour: Animal skin       |     4 |       |       ||     4
         Plate armour      |       |    10 |     1 ||    11
  Dodge: Dodged            |    14 |     5 |     3 ||    22

Table legend: (Time is in decaauts)
 A = Elapsed time spent in this place.
 B = Non-inter-level travel time spent in this place.
 C = Inter-level travel time spent in this place.
 D = Time resting spent in this place.
 E = Time spent auto-exploring this place.
 F = Levels seen in this place.
 G = Mean time per level.
                   A        B        C        D        E       F      G
               +--------+--------+--------+--------+--------+-----+--------+
         Total |    368 |    368 |      0 |    173 |      0 |   1 |  368.0 |
       Dungeon |    368 |    368 |      0 |    173 |      0 |   1 |  368.0 |
               +--------+--------+--------+--------+--------+-----+--------+

Top non-repeatable levels by time:
       D: 368 daAuts
